 Dungeon Crawl Stone Soup version 0.24-a0-333-g864f2b5d03 (webtiles) character file.

Game seed: 13267742353236973927

70 HAL9000 the Sneak (level 4, -3/23 HPs)
             Began as a Vine Stalker Assassin on May 17, 2019.
             Slain by an orc
             ... wielding a +0 hand axe
              (6 damage)
             ... on level 3 of the Dungeon.
             The game lasted 00:02:32 (1858 turns).

HAL9000 the Sneak (Vine Stalker Assassin)           Turns: 1858, Time: 00:02:33

Health: -3/23      AC:  3    Str: 13    XL:     4   Next: 22%
Magic:  0/5        EV: 11    Int: 11    God:
Gold:   190        SH:  0    Dex: 17    Spells: 3/3 levels left

rFire    . . .     SeeInvis .   a - +2 dagger
rCold    . . .     Gourm    +   (no shield)
rNeg     . . .     Faith    .   b - +0 robe
rPois    +         Spirit   +   (no helmet)
rElec    .         Reflect  .   c - +0 cloak
rCorr    .         Harm     .   (no gloves)
MR       .....                  (no boots)
Stlth    +++.......             q - amulet of the gourmand
HPRegen  0.47/turn              l - ring of poison resistance
MPRegen  0.09/turn              (no ring)

@: no status effects
A: fangs 2, regeneration 1, magic shield, antimagic bite, no potion heal 3, rot
immunity
a: no special abilities


You were on level 3 of the Dungeon.
You were full.

You visited 1 branch of the dungeon, and saw 3 of its levels.

You collected 190 gold pieces.

Inventory:

Hand Weapons
 a - a +2 dagger (weapon)
Missiles
 d - 8 poisoned darts (quivered)
 e - 4 curare-tipped darts
Armour
 b - a +0 robe (worn)
 c - a +0 cloak (worn)
Jewellery
 l - a ring of poison resistance (left hand)
 q - an amulet of the gourmand (around neck)
Scrolls
 i - 2 scrolls of random uselessness {unknown}
 j - 4 scrolls of remove curse {unknown}
 m - a scroll of blinking {unknown}
 t - a scroll of fear {unknown}
Potions
 g - a potion of might {unknown}
 h - 3 potions of haste {unknown}
 k - a potion of resistance {unknown}
 n - 2 potions of agility {unknown}
 o - 2 potions of curing {unknown}
 p - a potion of degeneration {unknown}
 r - a potion of cancellation {unknown}
 s - a potion of lignification {unknown}
 u - a potion of brilliance {unknown}
 v - 2 potions of flight {unknown}
 w - a potion of ambrosia {unknown}
Comestibles
 f - 3 rations


   Skills:
 - Level 1.7 Fighting
 + Level 4.0 Short Blades
 - Level 1.7 Throwing
 - Level 0.7 Dodging
 - Level 4.8 Stealth


You had 3 spell levels left.
You didn't know any spells.
Your spell library was empty.

Dungeon Overview and Level Annotations

Branches:
Dungeon (3/15)

Altars:
Fedhas
Kikubaaqudgha
Nemelex Xobeh
Vehumet


Innate Abilities, Weirdness & Mutations

You have extremely sharp teeth.
Your natural rate of healing is unusually fast.
When hurt, damage is shared between your health and your magic reserves.
Your bite disrupts and absorbs the magic of your enemies.
Potions cannot restore your health.
You are immune to rotting.


Message History

The adder bites you. The orc hits you with a +0 hand axe!
* * * LOW HITPOINT WARNING * * *
You miss the adder. You bite the adder. You drain its power.
You feel invigorated.
The adder is severely wounded.
The adder closely misses you. The orc hits you with a +0 hand axe.
* * * LOW HITPOINT WARNING * * *
You closely miss the adder. You bite the adder, but do no damage.
The adder is severely wounded.
The adder barely misses you.
You hit the adder but do no damage. Your bite misses the adder.
The adder is severely wounded.
The adder barely misses you. The orc hits you with a +0 hand axe.
* * * LOW HITPOINT WARNING * * *
You hit the adder but do no damage. Your bite misses the adder.
The adder is severely wounded.
The adder bites you.
* * * LOW HITPOINT WARNING * * *
The orc hits you with a +0 hand axe.
You die...

#..... ##.. 8...8
..... ##>## ...#
########...#
#..........####.
#.....##......
#.<.......#..
####.!...o......
#..)....@S#.#..
......#....).._...#
.###.##......#.#.##
#.....####.....
#..##.# ....... ..
..# ....... .. ....
....... #.# ..%...
....


You could see an adder and an orc.

Vanquished Creatures
  2 adders (D:2)
  A shadow imp (D:2)
  A worm (D:2)
  3 leopard geckos
  3 orcs
  7 goblins
  A hobgoblin (D:1)
  6 jackals
  A quokka (D:2)
  3 bats
  3 frilled lizards
  2 kobolds (D:1)
  4 rats
37 creatures vanquished.

Notes
Turn   | Place    | Note
-------+----------+-------------------------------------------
     0 | D:1      | HAL9000 the Vine Stalker Assassin began the quest for the
                  | Orb.
     0 | D:1      | Reached XP level 1. HP: 11/11 MP: 2/2
   315 | D:1      | Reached XP level 2. HP: 12/15 MP: 3/3
  1239 | D:2      | Reached XP level 3. HP: 18/18 MP: 4/4
  1259 | D:2      | Found a blossoming altar of Fedhas.
  1261 | D:2      | Found an ancient bone altar of Kikubaaqudgha.
  1388 | D:2      | Found a radiant altar of Vehumet.
  1760 | D:3      | Found a sparkling altar of Nemelex Xobeh.
  1762 | D:3      | Gained mutation: Your natural rate of healing is unusually
                  | fast. [Vine Stalker growth]
  1762 | D:3      | Reached XP level 4. HP: 23/23 MP: 5/5
  1858 | D:3      | Slain by an orc

Levels and vault maps discovered:
D:1:      dpeg_arrival_simpleton_c, layout_basic, minmay_misc_feat_diagonals
D:2:      layout_loops_ring, grunt_temple_overflow_growth_and_decay,
          overflow_temple_1_default
D:3:      layout_rooms, dancing_weapons_uskayaw, lemuel_coloured_pillars_altar,
          lemuel_crystal_altar, lemuel_doored_altar,
          nicolae_overflow_crystal_walls, nicolae_overflow_hidden_temple,
          first_ration

Skill      XL: |  1  2  3  4 |
---------------+-------------+-----
Short Blades   | 2 3 4 |  4.0
Fighting       | |  1.7
Throwing       | |  1.7
Dodging        | |  0.7
Stealth        | |  4.8

Action                   |  1- 3 |  4- 6 || total
-------------------------+-------+-------++-------
Melee: Dagger            |    83 |    35 ||   118
       Bite              |    15 |    13 ||    28
 Stab: Sleeping          |     8 |       ||     8
  Eat: Chunk             |     6 |     4 ||    10
Armor: Robe              |    15 |    24 ||    39
Dodge: Dodged            |    48 |    35 ||    83

Table legend:
 A = Non-vault XP
 B = Vault XP
 C = Vault XP percentage of total XP
 D = Non-vault monster count
 E = Vault monster count
 F = Vault count percentage of total count
                 A         B        C        D         E       F
            +---------+---------+-------+---------+---------+-------
      Total |     101 |       0 |   0.0 |      37 |       0 |   0.0
            +---------+---------+-------+---------+---------+-------
        D:1 |      30 |       0 |   0.0 |      17 |       0 |   0.0
        D:2 |      66 |       0 |   0.0 |      18 |       0 |   0.0
        D:3 |       5 |       0 |   0.0 |       2 |       0 |   0.0
            +---------+---------+-------+---------+---------+-------
